 Dungeon Crawl Stone Soup version 0.28-a0-973-ga7f8b01127 (webtiles) character file.

Game seed: 8019187875733661851

109 coffeespoons the Digger (level 4, -2/34 HPs)
             Began as a Gnoll Wanderer on Dec 1, 2021.
             Succumbed to a scorpion's poison
             ... on level 3 of the Dungeon.
             The game lasted 00:13:05 (3967 turns).

coffeespoons the Digger (Gnoll Wanderer)            Turns: 3967, Time: 00:13:06

Health: -2/34      AC:  6    Str:  7 (10) XL:     4   Next: 90%
Magic:  0/8        EV: 12    Int: 11 (12) God:
Gold:   72         SH:  0    Dex: 19 (20) Spells: 5/9 levels left

rFire   . . .      SeeInvis .   a - +0 dagger
rCold   . . .      Faith    .   (no shield)
rNeg    . . .      Spirit   .   b - +0 robe
rPois   .          Reflect  .   (no helmet)
rElec   .          Harm     .   (no cloak)
rCorr   .          Rampage  .   (no gloves)
Will    .....                   (no boots)
Stlth   ++........              (no amulet)
HPRegen 0.11/turn               D - +6 ring of dexterity
MPRegen 0.11/turn               O - +4 ring of protection

@: lethally poisoned (-2 -> -12)
A: fangs 1, strong nose, distributed training
a: no special abilities


You were on level 3 of the Dungeon.
You visited 1 branch of the dungeon, and saw 3 of its levels.

You collected 72 gold pieces.


Innate Abilities, Weirdness & Mutations

You have very sharp teeth.
Your uncanny sense of smell can sniff out nearby items.
Your experience applies equally to all skills.


   Skills:
 + Level 2.8 Fighting
 + Level 1.2 Short Blades
 + Level 1.2 Long Blades
 + Level 2.8 Axes
 + Level 1.2 Maces & Flails
 + Level 1.2 Polearms
 + Level 1.2 Staves
 + Level 1.2 Slings
 + Level 1.2 Bows
 + Level 1.2 Crossbows
 + Level 1.2 Throwing
 + Level 2.8 Armour
 + Level 1.2 Dodging
 + Level 2.6 Stealth
 + Level 1.2 Shields
 + Level 1.2 Unarmed Combat
 + Level 3.0 Spellcasting
 + Level 1.0 Conjurations
 + Level 1.0 Hexes
 + Level 1.0 Summonings
 + Level 1.0 Necromancy
 + Level 1.0 Translocations
 + Level 1.0 Transmutations
 + Level 1.0 Fire Magic
 + Level 1.0 Ice Magic
 + Level 3.9 Air Magic
 + Level 3.9 Earth Magic
 + Level 1.0 Poison Magic
 + Level 1.4 Invocations
 + Level 2.8 Evocations


You had 5 spell levels left.
You knew the following spells:

 Your Spells              Type           Power      Damage    Failure   Level
m - Mephitic Cloud        Conj/Pois/Air  6%         N/A       34%         3
z - Shock                 Conj/Air       28%        1d4       10%         1

Your spell library contained the following spells:

 Spells                   Type           Power      Damage    Failure   Level
 Sandblast                Erth           20%        2d7       5%          1
 Passwall                 Tmut/Erth      5%         N/A       14%         2
 Freeze                   Ice            16%        1d4       17%         1
 Stone Arrow              Conj/Erth      14%        3d7       28%         3
 Ozocubu's Armour         Ice            4%         N/A       45%         3
 Petrify                  Tmut/Erth      7%         N/A       67%         4

Inventory:

Hand Weapons
 a - a +0 dagger (weapon)
 m - a +0 hunting sling
Missiles
 c - 101 stones (quivered)
 d - 33 arrows
 r - 6 silver boomerangs
Armour
 b - a +0 robe (worn)
 g - a +0 chain mail
 i - a +0 ring mail
Jewellery
 D - a +6 ring of dexterity (left hand)
 O - a +4 ring of protection (right hand)
Wands
 t - a wand of flame (17)
Scrolls
 h - a scroll of vulnerability {unknown}
 j - 2 scrolls of amnesia {unknown}
 l - a scroll of enchant weapon {unknown}
 n - a scroll of identify {unknown}
 o - a scroll of torment {unknown}
Potions
 p - a potion of mutation {unknown}
 q - a potion of flight {unknown}

Dungeon Overview and Level Annotations

Branches:
Dungeon (3/15)

Altars:
Dithmenos
Trog

########†...####....##.#
#s# #.#.## #.#####.# #)#
#.#.# #.# #.####)#
##.#.# #.# #.#....# ∆
#..#.#####.#####.#.####
#..#.............#.#####
#..#######.............#
#..# #s#######.###.#
#######<.#
#@######...##.##
.........#
#...............#
#######.##
#..######...##.## #.#
#..# ##.#.#### ∆ #.#
#.## ##.###.### #.#
#######.## #.. #†#####
##..^###.###.###
#...†)###...##.##.#.#
#####.......##.###..#


You could see a scorpion.


Message History

Casting: Shock (safe; 9% risk of failure)
Confirm with . or Enter, or press ? or * to list all spells.
You don't have enough magic to cast this spell.
Unknown command.
Casting: Shock (safe; 9% risk of failure)
Confirm with . or Enter, or press ? or * to list all spells.
You don't have enough magic to cast this spell.
Unknown command.
You closely miss the scorpion.
The scorpion is moderately wounded.
The scorpion stings you but does no damage.
You barely miss the scorpion.
The scorpion is moderately wounded.
The scorpion stings you.
* * * LOW HITPOINT WARNING * * *
You are lethally poisoned!
The scorpion poisons you!
It was a potion of cancellation.
Your magical effects are unravelling.
You feel magically purged.
Your magical contamination has completely faded away.
You feel less wooden.
Your +0 robe unmelds from your body.
* * * LOW HITPOINT WARNING * * *
You feel very sick.
The scorpion stings you but does no damage.
It was a potion of degeneration.
There was something very wrong with that liquid.
You feel weakened.
You feel dopey.
You feel clumsy.
You die...

Skill      XL: |  1  2  3  4 |
---------------+-------------+-----
Invocations    | 1 |  1.4
Short Blades   | 1 |  1.2
Long Blades    | 1 |  1.2
Maces & Flails | 1 |  1.2
Polearms       | 1 |  1.2
Staves         | 1 |  1.2
Slings         | 1 |  1.2
Bows           | 1 |  1.2
Crossbows      | 1 |  1.2
Throwing       | 1 |  1.2
Dodging        | 1 |  1.2
Shields        | 1 |  1.2
Unarmed Combat | 1 |  1.2
Spellcasting   | 3 |  3.0
Conjurations   | 1 |  1.0
Hexes          | 1 |  1.0
Summonings     | 1 |  1.0
Necromancy     | 1 |  1.0
Translocations | 1 |  1.0
Transmutations | 1 |  1.0
Fire Magic     | 1 |  1.0
Ice Magic      | 1 |  1.0
Poison Magic   | 1 |  1.0
Fighting       | |  2.8
Axes           | |  2.8
Armour         | |  2.8
Stealth        | |  2.6
Air Magic      | |  3.9
Earth Magic    | |  3.9
Evocations     | |  2.8

Action                   |  1- 3 |  4- 6 || total
-------------------------+-------+-------++-------
Melee: Dagger            |     5 |    46 ||    51
       Bite              |       |     8 ||     8
 Cast: Shock             |    81 |    67 ||   148
  Use: Potion            |       |     4 ||     4
 Stab: Sleeping          |       |     1 ||     1
Armor: Robe              |     1 |    25 ||    26
       Skin              |       |     5 ||     5
Dodge: Dodged            |    10 |    37 ||    47

Levels and vault maps discovered:
D:1:      doesnt_arrival_eight_statues, layout_loops_ring
D:2:      layout_basic, basic_altar, shapermc_ecumenical_altar_totnotflames,
          serial_park_tiny_1, minmay_increasing_density
D:3:      layout_loops_ring, trog_butcher_becter

Notes
Turn   | Place    | Note
-------+----------+-------------------------------------------
     0 | D:1      | coffeespoons the Gnoll Wanderer began the quest for the
                  | Orb.
     0 | D:1      | coffeespoons set off with the following items: a +0 dagger,
                  | a +0 robe; and the following spells available to memorise:
                  | Sandblast, Shock, Passwall, Freeze, Stone Arrow, Mephitic
                  | Cloud, Ozocubu's Armour, Petrify
     0 | D:1      | Reached XP level 1. HP: 17/17 MP: 4/4
     2 | D:1      | Learned a level 1 spell: Shock
   277 | D:1      | Reached XP level 2. HP: 23/23 MP: 2/5
   882 | D:1      | Reached XP level 3. HP: 28/28 MP: 5/7
  1279 | D:2      | Found a shadowy altar of Dithmenos.
  1360 | D:2      | Found a faded altar of an unknown god.
  1806 | D:2      | Reached skill level 1 in Invocations
  1914 | D:2      | Reached skill level 1 in Short Blades
  1914 | D:2      | Reached skill level 1 in Long Blades
  1914 | D:2      | Reached skill level 1 in Maces & Flails
  1914 | D:2      | Reached skill level 1 in Polearms
  1914 | D:2      | Reached skill level 1 in Staves
  1914 | D:2      | Reached skill level 1 in Slings
  1914 | D:2      | Reached skill level 1 in Bows
  1914 | D:2      | Reached skill level 1 in Crossbows
  1914 | D:2      | Reached skill level 1 in Throwing
  1914 | D:2      | Reached skill level 1 in Dodging
  1914 | D:2      | Reached skill level 1 in Shields
  1914 | D:2      | Reached skill level 1 in Unarmed Combat
  2012 | D:2      | Reached XP level 4. HP: 28/34 MP: 3/8
  2838 | D:2      | Reached skill level 3 in Spellcasting
  3083 | D:3      | Noticed a scorpion
  3120 | D:3      | HP: 2/34 [something/puff of flame (6)]
  3425 | D:2      | Learned a level 3 spell: Mephitic Cloud
  3572 | D:3      | Reached skill level 1 in Conjurations
  3572 | D:3      | Reached skill level 1 in Hexes
  3572 | D:3      | Reached skill level 1 in Summonings
  3572 | D:3      | Reached skill level 1 in Necromancy
  3572 | D:3      | Reached skill level 1 in Translocations
  3572 | D:3      | Reached skill level 1 in Transmutations
  3572 | D:3      | Reached skill level 1 in Fire Magic
  3572 | D:3      | Reached skill level 1 in Ice Magic
  3572 | D:3      | Reached skill level 1 in Poison Magic
  3648 | D:3      | Found a bloodstained altar of Trog.
  3966 | D:3      | HP: 1/34 [poisoned by a scorpion]
  3967 | D:3      | Succumbed to a scorpion's poison

Vanquished Creatures
  4 adders
  A worm (D:2)
  4 dart slugs
  2 orcs (D:3)
  3 ball pythons
  3 bats
  5 endoplasms
  3 giant cockroaches
  8 goblins
  6 hobgoblins
  3 quokkas
  7 frilled lizards
  6 kobolds
  6 rats
61 creatures vanquished.

Table legend: (Time is in decaauts)
 A = Elapsed time spent in this place.
 B = Non-inter-level travel time spent in this place.
 C = Inter-level travel time spent in this place.
 D = Time resting spent in this place.
 E = Time spent auto-exploring this place.
 F = Levels seen in this place.
 G = Mean time per level.
                   A        B        C        D        E       F      G
               +--------+--------+--------+--------+--------+-----+--------+
         Total |   3965 |   3756 |    209 |   1284 |   1810 |   3 | 1321.7 |
       Dungeon |   3965 |   3756 |    209 |   1284 |   1810 |   3 | 1321.7 |
               +--------+--------+--------+--------+--------+-----+--------+

Top non-repeatable levels by time:
     D:2: 2097 daAuts
     D:1: 1278 daAuts
     D:3: 589 daAuts

Table legend:
 A = Non-vault XP
 B = Vault XP
 C = Vault XP percentage of total XP
 D = Non-vault monster count
 E = Vault monster count
 F = Vault count percentage of total count
                 A         B        C        D         E       F
            +---------+---------+-------+---------+---------+-------
      Total |     113 |      44 |  28.0 |      48 |      13 |  21.3
            +---------+---------+-------+---------+---------+-------
        D:1 |      37 |       0 |   0.0 |      21 |       0 |   0.0
        D:2 |      40 |      38 |  48.7 |      15 |       9 |  37.5
        D:3 |      36 |       6 |  14.3 |      12 |       4 |  25.0
            +---------+---------+-------+---------+---------+-------
